 Dungeon Crawl Stone Soup version 0.30-a0-629-gd54f4be4f7 (webtiles) character file.

Game seed: 17482748283378615169

940 NinjaNoafa the Gusty (level 7, -1/50 HPs)
             Began as a White Draconian Air Elementalist on Jan 12, 2023.
             Killed from afar by an orc wizard (3 damage)
             ... with a puff of flame
             ... on level 5 of the Dungeon.
             The game lasted 00:12:22 (4831 turns).

NinjaNoafa the Gusty (DrAE)                         Turns: 4831, Time: 00:12:22

Health: -1/50      AC: 14    Str: 11    XL:     7   Next: 88%
Magic:  7/14       EV: 12    Int: 17    God:
Gold:   258        SH:  0    Dex: 11    Spells: 8/15 levels left

rFire   . . .      SeeInvis .    d - staff of air
rCold   + . .      Faith    .    (no shield)
rNeg    . . .      Spirit   .    (body armour unavailable)
rPois   .          Reflect  .    h - +2 hat
rElec   +          Harm     .    (no cloak)
rCorr   .          Rampage  .    o - +0 pair of gloves
Will    .....      Rage     3%   u - +0 pair of boots
Stlth   ++                       (no amulet)
HPRegen 0.28/turn                v - +4 ring of protection
MPRegen 0.14/turn                (no ring)

@: brilliant, lethally poisoned (-1 -> -21), on berserk cooldown, slowed, very
slow
A: breathe frost, AC +6, unfitting armour, cold resistance 1, cold-blooded,
antennae 1, berserk 1
a: Breathe Frost


You were on level 5 of the Dungeon.
You visited 1 branch of the dungeon, and saw 5 of its levels.
You also visited: Sewer.

You collected 258 gold pieces.

Inventory:

Missiles
 g - 25 poisoned darts
 r - a curare-tipped dart
 w - 4 boomerangs
Armour
 h - a +2 hat (worn)
 o - a +0 pair of gloves (worn)
 u - a +0 pair of boots (worn)
Magical Staves
 d - a staff of air (weapon)
Jewellery
 v - a +4 ring of protection (left hand)
Wands
 k - a wand of polymorph (10)
 l - a wand of flame (11)
Scrolls
 e - 7 scrolls of identify {unknown}
 f - a scroll of torment {unknown}
 i - 3 scrolls of noise {unknown}
 n - 2 scrolls of teleportation {unknown}
 p - 2 scrolls of poison {unknown}
Potions
 a - 2 potions of magic
 b - a potion of cancellation {unknown}
 c - 3 potions of ambrosia {unknown}
 j - 2 potions of curing {unknown}
 m - 2 potions of flight {unknown}
 q - 3 potions of brilliance
 s - 2 potions of mutation
 t - 2 potions of might {unknown}


   Skills:
 - Level 1.7 Dodging
 - Level 1.7 Stealth
 + Level 4.7 Spellcasting
 - Level 5.0 Conjurations
 - Level 6.5 Air Magic


You had 8 spell levels left.
You knew the following spells:

 Your Spells              Type           Power      Damage    Failure   Level
a - Shock                 Conj/Air       100%       1d9       1%          1
b - Static Discharge      Conj/Air       100%       2-7/arc   1%          2
c - Swiftness             Air            56%        N/A       3%          3
d - Kiss of Death         Conj/Necr      72%        2d10      5%          1

Your spell library contained the following spells:

 Spells                   Type           Power      Damage    Failure   Level
 Airstrike                Air            28%        2d(4-20)  10%         4
 Apportation              Tloc           12%        N/A       14%         1
 Necrotise                Necr           24%        1d5       14%         1
 Summon Small Mammal      Summ           24%        N/A       14%         1
 Call Canine Familiar     Summ           6%         N/A       41%         3
 Summon Guardian Golem    Hex/Summ       6%         N/A       41%         3
 Dispel Undead            Necr           6%         3d8       82%         4
 Irradiate                Conj/Tmut      9%         3d14      82%         5
 Conjure Ball Lightning   Conj/Air       26%        3x3d7     91%         6
 Blade Hands              Tmut           3%         N/A       99%         5
 Dragon Form              Tmut           3%         N/A       100%        7
 Discord                  Hex            3%         N/A       100%        8
 Disjunction              Tloc           3%         N/A       100%        8


Dungeon Overview and Level Annotations

Branches:
Dungeon (5/15)             Temple (0/1) D:4           Sewer (visited)

Altars:
Ru

Shops:
D:2 (


Innate Abilities, Weirdness & Mutations

You can breathe waves of freezing cold which knock back foes.
Your icy white scales are hard. (AC +6)
You cannot fit into any form of body armour.
Your flesh is cold resistant. (rC+)
You are cold-blooded and may be slowed by cold attacks.
You have a pair of small antennae on your head.
You sometimes lose your temper in combat.


Message History

You feel very sick.
You hit the phantom. You tail-slap the phantom.
The phantom is heavily damaged.
You feel very sick. Something hits you but does no damage.
You are more poisoned.
The phantom barely misses you.
You closely miss the phantom.
The phantom is heavily damaged.
You feel very sick.
The phantom hits you but does no damage.
You hear some strange, mumbled words.
A puff of flame appears from out of thin air!
The puff of flame misses you.
You closely miss something. You tail-slap something.
You feel very sick.
The phantom hits you but does no damage.
Something hits you.
You are more poisoned.
You closely miss something.
You feel very sick. The phantom hits you.
* * * LOW HITPOINT WARNING * * *
Something hits you but does no damage.
You are more poisoned.
You are too berserk!
Unknown command.
You are no longer berserk.
You are exhausted.
You feel yourself slow down.
* * * LOW HITPOINT WARNING * * *
You feel very sick.
It was a potion of brilliance.
You feel clever all of a sudden.
* * * LOW HITPOINT WARNING * * *
You feel extremely sick.
You hear some strange, mumbled words.
A puff of flame appears from out of thin air!
The puff of flame hits you.
You die...

..<..............>....#.#
..).....###############.#
.#......# #.# .########
#.# ......... ...
'######################.#
................$.....#.#
......................#'#
................@........
..................W......
..............).?.{).....
.........................
.)....................###
.<..........(.........#
......................#
......................#
..)...................#


You could see a phantom.

Vanquished Creatures
  An ogre (D:5)
  A phantom (D:5)
  3 kobold brigands (Sewer)
  A bullfrog (D:4)
  A scorpion (D:4)
  A necrophage (D:5)
  A hound (D:4)
  3 orc priests
  Terence (D:2)
  4 river rats (Sewer)
  8 adders
  A shadow imp (D:5)
  3 dart slugs
  12 orcs
  12 ball pythons
  9 endoplasms
  3 giant cockroaches
  8 goblins
  3 hobgoblins
  6 jackals
  3 quokkas
  2 bats
  8 frilled lizards
  21 kobolds
  19 rats
135 creatures vanquished.

Notes
Turn   | Place    | Note
-------+----------+-------------------------------------------
     0 | D:1      | NinjaNoafa the Draconian Air Elementalist began the quest
                  | for the Orb.
     0 | D:1      | Reached XP level 1. HP: 14/14 MP: 3/3
   224 | D:1      | Reached XP level 2. HP: 20/20 MP: 1/5
   710 | D:1      | Reached XP level 3. HP: 25/26 MP: 0/6
  1241 | D:2      | Learned a level 2 spell: Static Discharge
  1279 | D:2      | Found Rotsyil's Antique Weapon Boutique.
  1468 | D:2      | Noticed Terence
  1491 | D:2      | Killed Terence
  1492 | D:2      | Reached skill level 4 in Air Magic
  1492 | D:2      | Reached XP level 4. HP: 23/33 MP: 1/7
  2385 | D:3      | Reached XP level 5. HP: 38/38 MP: 5/8
  2696 | D:4      | Learned a level 3 spell: Swiftness
  2739 | D:4      | Gained mutation: You are occasionally teleported next to
                  | monsters. [potion of mutation]
  2739 | D:4      | Gained mutation: You have a somewhat thin skeletal
                  | structure. (Dex +2, Stealth+) [potion of mutation]
  2739 | D:4      | Gained mutation: You have a pair of small antennae on your
                  | head. [potion of mutation]
  2740 | D:4      | Lost mutation: You have a pair of small antennae on your
                  | head. [potion of mutation]
  2740 | D:4      | Lost mutation: You have a somewhat thin skeletal structure.
                  | (Dex +2, Stealth+) [potion of mutation]
  2740 | D:4      | Lost mutation: You are occasionally teleported next to
                  | monsters. [potion of mutation]
  2740 | D:4      | Gained mutation: Your spells are a little harder to cast,
                  | but a little more powerful. [potion of mutation]
  2740 | D:4      | Gained mutation: You sometimes lose your temper in combat.
                  | [potion of mutation]
  2740 | D:4      | Lost mutation: Your spells are a little harder to cast, but
                  | a little more powerful. [potion of mutation]
  2740 | D:4      | Gained mutation: You have a pair of small antennae on your
                  | head. [potion of mutation]
  2872 | D:4      | Found a staircase to the Ecumenical Temple.
  2974 | D:5      | Entered Level 5 of the Dungeon
  2979 | D:5      | Noticed an ogre
  2988 | D:4      | Reached skill level 5 in Air Magic
  2988 | D:4      | Reached XP level 6. HP: 38/45 MP: 3/10
  3083 | D:4      | Got the Guidebook on Dark Secrets
  3089 | D:4      | Found a glowing drain.
  3105 | Sewer    | Entered a sewer
  3108 | Sewer    | Learned a level 1 spell: Kiss of Death
  3630 | Sewer    | Your scales start taking on an icy white colour.
  3630 | Sewer    | Reached XP level 7. HP: 27/50 MP: 2/12
  3630 | Sewer    | Gained mutation: Your flesh is cold resistant. (rC+) [White
                  | Draconian growth]
  4162 | D:4      | Reached skill level 5 in Conjurations
  4426 | D:5      | Reached skill level 6 in Air Magic
  4680 | D:5      | Found a sacrificial altar of Ru.
  4831 | D:5      | HP: 2/50 [poisoned by an orc wizard]
  4831 | D:5      | Killed from afar by an orc wizard

Illustrated notes

Levels and vault maps discovered:
D:1:      tarquinn_simple_flora_water_a, layout_loops_ring, minmay_hexomino_c4
D:2:      layout_loops_cross, serial_shops, nicolae_shop_trees, hex_medium,
          minmay_liquid_box, hangedman_decor_push, uniq_terence
D:3:      layout_rooms
D:4:      layout_rooms, minmay_temple_entry_from_below_a, portal_sewer_entry_d
D:5:      minmay_angry_zag, layout_basic, kennysheep_mini, serial_shops,
          nicolae_shop_bloodbath_and_beyond

Skill      XL: |  1  2  3  4  5  6  7 |
---------------+----------------------+-----
Conjurations   | 2 3 4 5 |  5.0
Air Magic      | 4 5 6 |  6.5
Spellcasting   | 3 4 |  4.7
Dodging        | |  1.7
Stealth        | |  1.7

Action                   |  1- 3 |  4- 6 |  7- 9 || total
-------------------------+-------+-------+-------++-------
Melee: Unarmed           |     8 |       |       ||     8
       Tailslap          |     3 |     3 |     2 ||     8
       Staff             |    10 |    28 |    13 ||    51
 Cast: Shock             |    58 |    74 |    34 ||   166
       Static Discharge  |     1 |    24 |    11 ||    36
       Swiftness         |       |     2 |       ||     2
       Kiss of Death     |       |     1 |       ||     1
 Abil: Breathe Frost     |       |       |     8 ||     8
  Use: Potion            |       |     2 |     1 ||     3
Armor: Skin              |     4 |    34 |    19 ||    57
Dodge: Dodged            |    18 |    55 |    17 ||    90

Table legend: (Time is in decaauts)
 A = Elapsed time spent in this place.
 B = Non-inter-level travel time spent in this place.
 C = Inter-level travel time spent in this place.
 D = Time resting spent in this place.
 E = Time spent auto-exploring this place.
 F = Levels seen in this place.
 G = Mean time per level.
                   A        B        C        D        E       F      G
               +--------+--------+--------+--------+--------+-----+--------+
         Total |   4868 |   4766 |    102 |     32 |   3967 |   6 |  811.3 |
       Dungeon |   3930 |   3828 |    102 |     18 |   3190 |   5 |  786.0 |
         Sewer |    938 |    938 |      0 |     14 |    776 |   1 |  938.0 |
               +--------+--------+--------+--------+--------+-----+--------+

Top non-repeatable levels by time:
     D:1: 951 daAuts
   Sewer: 938 daAuts
     D:2: 882 daAuts
     D:3: 862 daAuts
     D:4: 784 daAuts
     D:5: 449 daAuts
